[ AOE2 MATCH · #487556044 ]
UnrankedBengalis vs Romans
[ REPLAY ANALYSIS · EXTRACTED FROM THE RECORDED GAME ]
Feudal
12:52
Castle
18:48
Imperial
—
| APM avg | 36.1 |
| APM peak | 69 |
| eAPM avg | 20.5 |
| Villagers / military | 91 / 29 |
Focus
⚔️ 26.7% · 🌾 73.3%
Ratha (Ranged) ×24 · Fishing Ship ×21 · Mangonel ×3 · Monk ×1 · Armored Elephant ×1
Feudal
12:45
Castle
21:09
Imperial
—
| APM avg | 30.2 |
| APM peak | 51 |
| eAPM avg | 16.3 |
| Villagers / military | 47 / 52 |
Focus
⚔️ 38.2% · 🌾 61.8%
Militia ×18 · Skirmisher ×14 · Battering Ram ×8 · Scorpion ×4 · Fishing Ship ×4 · Archer ×3
Feudal
15:02
Castle
19:23
Imperial
—
| APM avg | 35.5 |
| APM peak | 63 |
| eAPM avg | 21.6 |
| Villagers / military | 123 / 8 |
Focus
⚔️ 15.6% · 🌾 84.4%
Fishing Ship ×8 · Monk ×7 · Arambai ×1
Feudal
12:02
Castle
22:08
Imperial
—
| APM avg | 27.2 |
| APM peak | 54 |
| eAPM avg | 16.4 |
| Villagers / military | 117 / 25 |
Focus
⚔️ 25.6% · 🌾 74.4%
Galley ×16 · Fishing Ship ×16 · Knight ×8 · Monk ×1
Feudal
14:19
Castle
18:03
Imperial
—
| APM avg | 29.0 |
| APM peak | 54 |
| eAPM avg | 16.4 |
| Villagers / military | 71 / 54 |
Focus
⚔️ 27.4% · 🌾 72.6%
Throwing Axeman ×32 · Spearman ×12 · Fire Galley ×8 · Fishing Ship ×6 · Battering Ram ×2 · Unknown (2626) ×1
Feudal
15:03
Castle
19:59
Imperial
—
| APM avg | 32.0 |
| APM peak | 51 |
| eAPM avg | 16.7 |
| Villagers / military | 69 / 4 |
Focus
⚔️ 22.4% · 🌾 77.6%
Fishing Ship ×17 · Battering Ram ×3 · Iron Pagoda ×1
Feudal
—
Castle
—
Imperial
—
| APM avg | 35.1 |
| APM peak | 68 |
| eAPM avg | 20.8 |
| Villagers / military | 57 / 24 |
Focus
⚔️ 39.4% · 🌾 60.6%
Militia ×12 · Spearman ×11 · Fishing Ship ×9 · Mangonel ×1 · Unknown (2626) ×1
Feudal
13:09
Castle
16:39
Imperial
—
| APM avg | 40.8 |
| APM peak | 89 |
| eAPM avg | 27.4 |
| Villagers / military | 116 / 52 |
Focus
⚔️ 27.6% · 🌾 72.4%
Shrivamsha Rider ×28 · Fire Galley ×24 · Fishing Ship ×11
Match map
Initial resources + every placement click. Lines = walls · curves = elevation contours. ◆ gold · ⬟ stone · ● berries · ✦ relic · ◌ wall gap
Your base· Open — 4t gap
B1mple's base· Open — 4t gap
Josu Stark's base· Open — 4t gap
弔戼's base· Open — 6t gap
Urukubar's base· Open — 5t gap
冰石戟's base· Open — 3t gap
Fabrizio 094455's base· Open — 4t gap
夜羽翼's base· Open — 15t gap
Smoothed initial terrain · ◌ = detected wall gap · hover for details
Inputs per minute
— 关老弟是也 - - B1mple
Build order — 关老弟是也
First 150 of 248 actions detected
| 0:14 | Build | Town Center |
| 0:27 | Build | Dock |
| 0:29 | Build | House |
| 2:38 | Queue | Villager (Male) |
| 2:39 | Queue | Villager (Male) |
| 2:40 | Queue | Villager (Male) |
| 2:41 | Queue | Villager (Male) |
| 3:34 | Queue | Villager (Male) |
| 3:51 | Queue | Fishing Ship |
| 4:32 | Build | House |
| 4:39 | Research | Loom |
| 5:01 | Queue | Villager (Male) |
| 5:01 | Queue | Villager (Male) |
| 5:25 | Queue | Villager (Male) |
| 5:26 | Queue | Villager (Male) |
| 5:51 | Queue | Villager (Male) |
| 5:51 | Queue | Villager (Male) |
| 5:56 | Queue | Fishing Ship |
| 5:56 | Queue | Fishing Ship |
| 6:10 | Queue | Villager (Male) |
| 6:11 | Queue | Villager (Male) |
| 6:12 | Queue | Fishing Ship |
| 6:27 | Build | House |
| 6:45 | Queue | Villager (Male) |
| 6:45 | Queue | Villager (Male) |
| 7:06 | Queue | Fishing Ship |
| 7:20 | Queue | Villager (Male) |
| 7:42 | Queue | Fishing Ship |
| 7:59 | Queue | Villager (Male) |
| 8:04 | Build | House |
| 8:05 | Queue | Villager (Male) |
| 8:22 | Queue | Fishing Ship |
| 8:40 | Build | House |
| 8:48 | Queue | Villager (Male) |
| 8:58 | Queue | Fishing Ship |
| 9:00 | Queue | Villager (Male) |
| 9:12 | Build | House |
| 9:45 | Build | Palisade Wall |
| 9:52 | Queue | Villager (Male) |
| 9:58 | Build | Mill |
| 10:34 | Build | Mining Camp |
| 10:40 | Research | Feudal Age |
| 10:40 | Research | Feudal Age |
| 11:38 | Build | Dock |
| 11:50 | Queue | Villager (Male) |
| 11:50 | Queue | Villager (Male) |
| 11:51 | Queue | Villager (Male) |
| 11:51 | Queue | Villager (Male) |
| 12:52 | Age | Feudal Age |
| 12:55 | Build | Market |
| 12:56 | Build | Blacksmith |
| 13:09 | Build | Mining Camp |
| 13:36 | Queue | Villager (Male) |
| 14:07 | Build | House |
| 14:13 | Build | House |
| 14:23 | Build | Palisade Wall |
| 14:24 | Build | Palisade Wall |
| 14:28 | Queue | Villager (Male) |
| 14:55 | Queue | Fishing Ship |
| 14:55 | Queue | Fishing Ship |
| 14:59 | Queue | Villager (Male) |
| 15:10 | Build | Palisade Wall |
| 15:11 | Build | Palisade Wall |
| 15:13 | Build | Palisade Wall |
| 15:14 | Build | Palisade Wall |
| 15:16 | Build | Palisade Wall |
| 15:18 | Build | Palisade Wall |
| 15:20 | Build | Palisade Wall |
| 15:30 | Build | Stone Wall |
| 15:34 | Queue | Villager (Male) |
| 15:54 | Build | House |
| 16:08 | Research | Castle Age |
| 16:12 | Build | Lumber Camp |
| 16:15 | Queue | Fishing Ship |
| 16:16 | Queue | Fishing Ship |
| 16:44 | Research | Double-Bit Axe |
| 16:44 | Research | Double-Bit Axe |
| 16:44 | Research | Double-Bit Axe |
| 17:03 | Queue | Villager (Male) |
| 17:10 | Build | Stone Wall |
| 17:52 | Build | House |
| 17:54 | Build | House |
| 18:12 | Build | Farm |
| 18:13 | Queue | Fishing Ship |
| 18:13 | Queue | Fishing Ship |
| 18:25 | Build | Stone Wall |
| 18:25 | Build | Stone Wall |
| 18:26 | Build | Stone Wall |
| 18:27 | Build | Stone Wall |
| 18:27 | Build | Stone Wall |
| 18:27 | Build | Stone Wall |
| 18:29 | Build | Stone Wall |
| 18:30 | Build | Stone Wall |
| 18:30 | Build | Stone Wall |
| 18:31 | Build | Stone Wall |
| 18:31 | Build | Stone Wall |
| 18:32 | Build | Stone Wall |
| 18:48 | Age | Castle Age |
| 19:07 | Queue | Villager (Male) |
| 19:21 | Build | Castle |
| 19:24 | Build | House |
| 19:27 | Build | Palisade Wall |
| 19:32 | Build | House |
| 19:42 | Build | House |
| 19:53 | Queue | Villager (Male) |
| 19:53 | Queue | Villager (Male) |
| 20:01 | Queue | Fishing Ship |
| 20:01 | Queue | Fishing Ship |
| 20:03 | Queue | Villager (Male) |
| 20:24 | Queue | Ratha (Ranged) |
| 20:24 | Queue | Ratha (Ranged) |
| 20:30 | Build | Dock |
| 20:31 | Queue | Fishing Ship |
| 20:33 | Queue | Villager (Male) |
| 20:36 | Queue | Villager (Male) |
| 20:41 | Build | Farm |
| 20:43 | Build | Farm |
| 20:46 | Build | Farm |
| 20:49 | Build | Farm |
| 20:50 | Research | Fletching |
| 20:50 | Research | Fletching |
| 20:52 | Queue | Ratha (Ranged) |
| 20:56 | Queue | Villager (Male) |
| 20:56 | Queue | Villager (Male) |
| 20:57 | Queue | Villager (Male) |
| 21:04 | Queue | Ratha (Ranged) |
| 21:29 | Queue | Ratha (Ranged) |
| 21:41 | Research | Bodkin Arrow |
| 21:42 | Queue | Ratha (Ranged) |
| 21:55 | Queue | Ratha (Ranged) |
| 21:57 | Queue | Villager (Male) |
| 22:09 | Queue | Villager (Male) |
| 22:20 | Queue | Villager (Male) |
| 22:23 | Build | Town Center |
| 22:46 | Queue | Ratha (Ranged) |
| 22:47 | Queue | Villager (Male) |
| 22:48 | Queue | Villager (Male) |
| 22:51 | Queue | Villager (Male) |
| 23:08 | Queue | Villager (Male) |
| 23:08 | Queue | Villager (Male) |
| 23:11 | Queue | Villager (Male) |
| 23:23 | Build | Siege Workshop |
| 23:32 | Queue | Ratha (Ranged) |
| 23:35 | Queue | Villager (Male) |
| 23:39 | Research | Bow Saw |
| 23:39 | Research | Bow Saw |
| 23:51 | Build | Siege Workshop |
| 23:55 | Queue | Villager (Male) |
| 23:55 | Queue | Villager (Male) |
| 23:56 | Queue | Villager (Male) |
Build order — B1mple
First 150 of 174 actions detected
| 0:22 | Build | Town Center |
| 0:43 | Build | House |
| 1:54 | Build | Dock |
| 2:06 | Build | House |
| 2:45 | Queue | Villager (Male) |
| 2:46 | Queue | Villager (Male) |
| 2:46 | Queue | Villager (Male) |
| 2:47 | Queue | Villager (Male) |
| 4:03 | Queue | Fishing Ship |
| 4:23 | Queue | Villager (Male) |
| 4:45 | Queue | Fishing Ship |
| 4:58 | Research | Loom |
| 5:23 | Queue | Villager (Male) |
| 5:44 | Queue | Villager (Male) |
| 6:12 | Queue | Villager (Male) |
| 6:17 | Build | House |
| 6:41 | Queue | Villager (Male) |
| 6:41 | Queue | Villager (Male) |
| 6:52 | Build | Palisade Wall |
| 7:09 | Queue | Villager (Male) |
| 7:10 | Queue | Villager (Male) |
| 7:13 | Build | House |
| 7:35 | Build | Palisade Wall |
| 7:47 | Build | Palisade Wall |
| 7:54 | Build | Palisade Wall |
| 7:55 | Queue | Villager (Male) |
| 8:06 | Queue | Villager (Male) |
| 8:12 | Queue | Fishing Ship |
| 8:49 | Build | Palisade Wall |
| 8:54 | Queue | Villager (Male) |
| 9:09 | Queue | Fishing Ship |
| 9:29 | Build | Mill |
| 9:38 | Queue | Villager (Male) |
| 9:52 | Queue | Villager (Male) |
| 10:35 | Research | Feudal Age |
| 10:53 | Build | Barracks |
| 11:36 | Build | Mining Camp |
| 11:38 | Queue | Militia |
| 11:39 | Queue | Militia |
| 11:52 | Build | House |
| 11:54 | Build | House |
| 12:05 | Queue | Militia |
| 12:33 | Queue | Villager (Male) |
| 12:45 | Age | Feudal Age |
| 13:00 | Research | Man-at-Arms (upgrade) |
| 13:02 | Queue | Villager (Male) |
| 13:53 | Queue | Villager (Male) |
| 14:24 | Queue | Militia |
| 14:24 | Queue | Militia |
| 14:25 | Queue | Militia |
| 14:41 | Queue | Villager (Male) |
| 14:55 | Queue | Militia |
| 14:58 | Queue | Villager (Male) |
| 15:04 | Build | Lumber Camp |
| 15:20 | Queue | Villager (Male) |
| 15:21 | Queue | Villager (Male) |
| 15:23 | Queue | Militia |
| 15:35 | Build | House |
| 15:44 | Research | Double-Bit Axe |
| 15:45 | Research | Horse Collar |
| 16:25 | Queue | Militia |
| 16:35 | Queue | Villager (Male) |
| 16:41 | Build | Archery Range |
| 16:56 | Build | House |
| 17:03 | Queue | Villager (Male) |
| 17:36 | Build | Blacksmith |
| 17:56 | Queue | Archer |
| 17:58 | Queue | Archer |
| 18:11 | Build | House |
| 18:29 | Research | Castle Age |
| 18:36 | Queue | Villager (Male) |
| 18:55 | Build | House |
| 19:00 | Build | Farm |
| 19:01 | Build | Farm |
| 19:01 | Build | Farm |
| 19:02 | Build | Farm |
| 19:12 | Queue | Villager (Male) |
| 19:22 | Build | Mill |
| 19:25 | Build | House |
| 19:58 | Queue | Skirmisher |
| 19:58 | Queue | Skirmisher |
| 19:59 | Queue | Skirmisher |
| 20:03 | Build | Farm |
| 20:06 | Build | Farm |
| 20:15 | Build | House |
| 20:17 | Build | House |
| 20:18 | Build | Palisade Wall |
| 20:23 | Queue | Militia |
| 20:26 | Queue | Archer |
| 20:29 | Queue | Skirmisher |
| 20:32 | Research | Fletching |
| 20:35 | Research | Scale Mail Armor |
| 20:51 | Build | Stone Wall |
| 21:09 | Age | Castle Age |
| 21:20 | Build | Siege Workshop |
| 21:22 | Build | Siege Workshop |
| 21:34 | Queue | Villager (Male) |
| 21:34 | Research | Bow Saw |
| 21:54 | Research | Fletching |
| 22:00 | Research | Squires |
| 22:05 | Queue | Skirmisher |
| 22:11 | Build | Farm |
| 22:22 | Queue | Villager (Male) |
| 22:27 | Build | Farm |
| 22:28 | Queue | Villager (Male) |
| 22:37 | Queue | Battering Ram |
| 23:13 | Queue | Villager (Male) |
| 23:28 | Build | Market |
| 23:56 | Build | House |
| 23:58 | Queue | Scorpion |
| 24:03 | Queue | Scorpion |
| 24:10 | Queue | Villager (Male) |
| 24:11 | Queue | Villager (Male) |
| 24:23 | Queue | Skirmisher |
| 24:32 | Research | Elite Skirmisher (upgrade) |
| 24:35 | Research | Chain Mail Armor |
| 24:52 | Queue | Villager (Male) |
| 24:52 | Queue | Villager (Male) |
| 24:58 | Build | Lumber Camp |
| 25:21 | Queue | Battering Ram |
| 25:33 | Queue | Battering Ram |
| 25:36 | Queue | Battering Ram |
| 25:42 | Queue | Skirmisher |
| 25:43 | Queue | Skirmisher |
| 25:46 | Queue | Militia |
| 25:46 | Queue | Militia |
| 25:48 | Research | Long Swordsman (upgrade) |
| 25:51 | Queue | Militia |
| 26:10 | Queue | Villager (Male) |
| 26:11 | Queue | Villager (Male) |
| 26:14 | Queue | Spearman |
| 26:15 | Queue | Spearman |
| 26:40 | Queue | Battering Ram |
| 26:40 | Queue | Battering Ram |
| 27:38 | Queue | Battering Ram |
| 27:38 | Queue | Battering Ram |
| 27:42 | Queue | Villager (Male) |
| 27:42 | Queue | Villager (Male) |
| 27:47 | Queue | Militia |
| 27:47 | Queue | Militia |
| 28:03 | Queue | Scorpion |
| 28:04 | Queue | Scorpion |
| 28:07 | Queue | Villager (Male) |
| 28:14 | Build | Town Center |
| 28:36 | Queue | Militia |
| 28:41 | Build | Farm |
| 28:41 | Build | Farm |
| 28:47 | Queue | Skirmisher |
| 28:47 | Queue | Skirmisher |
| 29:09 | Queue | Mangonel |
Build order — Josu Stark
First 150 of 282 actions detected
| 0:10 | Build | Dock |
| 0:12 | Build | House |
| 0:42 | Build | Town Center |
| 3:00 | Queue | Villager (Male) |
| 3:01 | Queue | Villager (Male) |
| 3:01 | Queue | Villager (Male) |
| 3:01 | Queue | Villager (Male) |
| 3:01 | Queue | Villager (Male) |
| 3:02 | Queue | Villager (Male) |
| 3:26 | Queue | Villager (Male) |
| 4:04 | Queue | Fishing Ship |
| 4:34 | Build | House |
| 5:13 | Queue | Villager (Male) |
| 5:14 | Queue | Villager (Male) |
| 5:14 | Queue | Villager (Male) |
| 5:14 | Queue | Villager (Male) |
| 5:56 | Queue | Fishing Ship |
| 6:09 | Queue | Villager (Male) |
| 6:15 | Build | House |
| 6:35 | Queue | Villager (Male) |
| 6:35 | Queue | Villager (Male) |
| 6:44 | Queue | Fishing Ship |
| 6:45 | Queue | Fishing Ship |
| 7:01 | Queue | Villager (Male) |
| 7:26 | Queue | Villager (Male) |
| 7:26 | Queue | Villager (Male) |
| 7:27 | Queue | Villager (Male) |
| 7:31 | Build | House |
| 7:46 | Queue | Villager (Male) |
| 8:00 | Queue | Fishing Ship |
| 8:24 | Queue | Villager (Male) |
| 8:27 | Build | House |
| 8:56 | Research | Loom |
| 9:01 | Queue | Villager (Male) |
| 9:02 | Queue | Fishing Ship |
| 9:41 | Build | House |
| 9:44 | Queue | Villager (Male) |
| 9:45 | Queue | Fishing Ship |
| 10:21 | Queue | Villager (Male) |
| 10:41 | Queue | Villager (Male) |
| 10:55 | Build | House |
| 11:12 | Queue | Villager (Male) |
| 11:29 | Build | House |
| 11:32 | Queue | Villager (Male) |
| 11:32 | Queue | Villager (Male) |
| 11:39 | Build | Lumber Camp |
| 12:23 | Queue | Villager (Male) |
| 12:38 | Research | Feudal Age |
| 12:52 | Build | Mining Camp |
| 13:43 | Build | Mining Camp |
| 14:34 | Queue | Villager (Male) |
| 14:34 | Queue | Villager (Male) |
| 15:02 | Age | Feudal Age |
| 15:03 | Build | Stone Wall |
| 15:06 | Build | Mill |
| 15:10 | Build | Mill |
| 15:30 | Build | Blacksmith |
| 15:34 | Research | Town Watch |
| 15:48 | Build | Market |
| 15:57 | Queue | Villager (Male) |
| 16:07 | Research | Gold Mining |
| 16:07 | Research | Stone Mining |
| 16:43 | Research | Castle Age |
| 16:43 | Research | Castle Age |
| 17:03 | Research | Tech 906 |
| 17:08 | Build | Fish Trap |
| 17:16 | Build | Fish Trap |
| 17:18 | Build | Fish Trap |
| 17:38 | Build | Fish Trap |
| 17:51 | Queue | Fishing Ship |
| 17:55 | Build | House |
| 18:59 | Queue | Villager (Male) |
| 18:59 | Queue | Villager (Male) |
| 19:23 | Age | Castle Age |
| 19:40 | Build | Town Center |
| 19:45 | Build | Monastery |
| 19:48 | Queue | Villager (Male) |
| 20:31 | Queue | Monk |
| 20:33 | Queue | Villager (Male) |
| 20:40 | Queue | Villager (Male) |
| 20:42 | Research | Wheelbarrow |
| 20:51 | Build | Town Center |
| 21:03 | Queue | Villager (Male) |
| 21:07 | Build | Lumber Camp |
| 21:17 | Queue | Villager (Male) |
| 21:18 | Queue | Villager (Male) |
| 21:25 | Queue | Monk |
| 21:51 | Queue | Villager (Male) |
| 22:08 | Build | Town Center |
| 22:14 | Queue | Villager (Male) |
| 22:34 | Queue | Monk |
| 22:43 | Queue | Villager (Male) |
| 22:43 | Queue | Villager (Male) |
| 22:43 | Queue | Villager (Male) |
| 22:43 | Queue | Villager (Male) |
| 23:09 | Queue | Villager (Male) |
| 23:10 | Queue | Villager (Male) |
| 23:10 | Queue | Villager (Male) |
| 23:10 | Queue | Villager (Male) |
| 23:11 | Research | Horse Collar |
| 23:27 | Research | Hand Cart |
| 23:28 | Queue | Villager (Male) |
| 23:28 | Queue | Villager (Male) |
| 23:29 | Queue | Villager (Male) |
| 23:36 | Build | Town Center |
| 23:44 | Queue | Villager (Male) |
| 23:46 | Build | Barracks |
| 23:49 | Research | Sanctity |
| 23:59 | Research | Gold Shaft Mining |
| 24:01 | Queue | Villager (Male) |
| 24:11 | Research | Heavy Plow |
| 24:11 | Research | Heavy Plow |
| 24:27 | Queue | Villager (Male) |
| 24:27 | Queue | Villager (Male) |
| 24:30 | Build | Farm |
| 24:30 | Build | Farm |
| 24:36 | Build | Farm |
| 24:38 | Build | Farm |
| 24:49 | Queue | Villager (Male) |
| 24:49 | Queue | Villager (Male) |
| 24:49 | Queue | Villager (Male) |
| 24:52 | Queue | Monk |
| 24:55 | Build | Farm |
| 24:57 | Build | Farm |
| 24:58 | Build | Farm |
| 24:59 | Build | House |
| 25:04 | Queue | Villager (Male) |
| 25:04 | Queue | Villager (Male) |
| 25:04 | Queue | Villager (Male) |
| 25:05 | Queue | Villager (Male) |
| 25:09 | Build | Farm |
| 25:13 | Build | Farm |
| 25:15 | Build | Farm |
| 25:17 | Queue | Villager (Male) |
| 25:17 | Queue | Villager (Male) |
| 25:17 | Queue | Villager (Male) |
| 25:21 | Queue | Monk |
| 25:25 | Build | House |
| 25:26 | Build | Outpost |
| 25:27 | Build | Outpost |
| 25:30 | Queue | Villager (Male) |
| 25:31 | Build | House |
| 25:37 | Build | Farm |
| 25:38 | Build | Farm |
| 25:39 | Build | Farm |
| 25:42 | Build | Farm |
| 25:43 | Build | Farm |
| 25:44 | Queue | Villager (Male) |
| 25:44 | Queue | Villager (Male) |
| 25:58 | Queue | Villager (Male) |
Build order — 弔戼
First 150 of 278 actions detected
| 0:12 | Build | Dock |
| 0:30 | Build | Town Center |
| 1:06 | Build | Palisade Wall |
| 2:03 | Build | House |
| 2:46 | Queue | Fishing Ship |
| 2:46 | Queue | Fishing Ship |
| 2:47 | Queue | Villager (Male) |
| 2:47 | Queue | Villager (Male) |
| 2:48 | Queue | Villager (Male) |
| 2:48 | Queue | Villager (Male) |
| 2:48 | Queue | Villager (Male) |
| 2:49 | Queue | Villager (Male) |
| 2:49 | Queue | Villager (Male) |
| 3:56 | Build | House |
| 4:39 | Queue | Fishing Ship |
| 4:43 | Queue | Villager (Male) |
| 5:11 | Research | Loom |
| 5:27 | Queue | Villager (Male) |
| 5:27 | Queue | Villager (Male) |
| 5:27 | Queue | Villager (Male) |
| 5:38 | Queue | Fishing Ship |
| 6:01 | Build | House |
| 6:05 | Queue | Villager (Male) |
| 6:06 | Queue | Villager (Male) |
| 6:06 | Queue | Villager (Male) |
| 6:06 | Queue | Villager (Male) |
| 6:54 | Queue | Villager (Male) |
| 6:54 | Queue | Villager (Male) |
| 6:55 | Queue | Villager (Male) |
| 7:09 | Queue | Fishing Ship |
| 7:12 | Build | House |
| 7:18 | Queue | Villager (Male) |
| 7:18 | Queue | Villager (Male) |
| 7:19 | Queue | Villager (Male) |
| 7:43 | Queue | Fishing Ship |
| 7:47 | Queue | Villager (Male) |
| 7:56 | Queue | Villager (Male) |
| 7:57 | Queue | Villager (Male) |
| 7:57 | Queue | Villager (Male) |
| 7:58 | Queue | Villager (Male) |
| 7:58 | Queue | Villager (Male) |
| 8:33 | Queue | Fishing Ship |
| 8:58 | Queue | Villager (Male) |
| 9:03 | Build | House |
| 9:09 | Queue | Fishing Ship |
| 9:27 | Build | Lumber Camp |
| 9:44 | Build | House |
| 9:57 | Research | Feudal Age |
| 11:46 | Build | Dock |
| 12:02 | Age | Feudal Age |
| 12:06 | Queue | Villager (Male) |
| 12:08 | Queue | Galley |
| 12:08 | Queue | Galley |
| 12:23 | Build | Blacksmith |
| 12:36 | Queue | Galley |
| 12:38 | Queue | Villager (Male) |
| 12:43 | Research | Double-Bit Axe |
| 12:44 | Research | Double-Bit Axe |
| 12:50 | Queue | Villager (Male) |
| 13:00 | Queue | Galley |
| 13:01 | Queue | Galley |
| 13:16 | Build | House |
| 13:17 | Build | House |
| 13:19 | Build | House |
| 13:23 | Research | Fletching |
| 13:25 | Queue | Villager (Male) |
| 13:25 | Queue | Villager (Male) |
| 13:32 | Queue | Villager (Male) |
| 13:42 | Queue | Galley |
| 13:54 | Queue | Galley |
| 13:54 | Queue | Galley |
| 14:11 | Queue | Villager (Male) |
| 14:56 | Queue | Galley |
| 14:56 | Queue | Galley |
| 14:58 | Queue | Villager (Male) |
| 15:00 | Queue | Villager (Male) |
| 15:09 | Queue | Villager (Male) |
| 15:09 | Queue | Villager (Male) |
| 15:16 | Build | Mill |
| 15:31 | Queue | Galley |
| 15:31 | Queue | Galley |
| 15:56 | Build | House |
| 16:01 | Build | Palisade Wall |
| 16:04 | Build | Palisade Wall |
| 16:41 | Queue | Villager (Male) |
| 16:41 | Research | Wheelbarrow |
| 16:57 | Build | Barracks |
| 17:14 | Build | House |
| 17:15 | Build | House |
| 17:19 | Queue | Villager (Male) |
| 17:23 | Queue | Fishing Ship |
| 17:38 | Queue | Fishing Ship |
| 17:57 | Queue | Villager (Male) |
| 17:57 | Queue | Villager (Male) |
| 17:57 | Queue | Villager (Male) |
| 18:08 | Build | Stable |
| 18:23 | Queue | Fishing Ship |
| 18:24 | Queue | Fishing Ship |
| 18:29 | Build | House |
| 18:29 | Build | House |
| 18:34 | Queue | Villager (Male) |
| 18:56 | Build | Stable |
| 19:00 | Queue | Villager (Male) |
| 19:43 | Research | Castle Age |
| 19:56 | Build | Farm |
| 19:58 | Build | Farm |
| 20:03 | Build | Farm |
| 20:04 | Build | Farm |
| 20:06 | Build | Farm |
| 20:12 | Build | Farm |
| 20:15 | Build | House |
| 20:16 | Build | House |
| 20:17 | Build | House |
| 20:58 | Research | Bloodlines |
| 21:01 | Research | Scale Barding Armor |
| 21:01 | Research | Scale Barding Armor |
| 21:02 | Research | Scale Barding Armor |
| 21:29 | Queue | Fishing Ship |
| 21:30 | Queue | Fishing Ship |
| 21:31 | Queue | Fishing Ship |
| 21:32 | Queue | Fishing Ship |
| 21:40 | Research | Forging |
| 21:47 | Build | House |
| 21:49 | Build | House |
| 22:08 | Age | Castle Age |
| 22:11 | Queue | Villager (Male) |
| 22:17 | Build | Town Center |
| 22:19 | Queue | Knight |
| 22:19 | Queue | Knight |
| 22:29 | Queue | Villager (Male) |
| 22:56 | Build | House |
| 22:56 | Build | House |
| 22:57 | Build | House |
| 22:57 | Build | House |
| 22:57 | Build | House |
| 22:58 | Build | House |
| 23:03 | Research | War Galley (upgrade) |
| 23:03 | Research | War Galley (upgrade) |
| 23:04 | Research | War Galley (upgrade) |
| 23:08 | Queue | Galley |
| 23:08 | Queue | Galley |
| 23:16 | Queue | Galley |
| 23:16 | Queue | Galley |
| 23:22 | Queue | Villager (Male) |
| 23:38 | Queue | Villager (Male) |
| 23:38 | Queue | Villager (Male) |
| 24:01 | Build | Town Center |
| 24:04 | Queue | Villager (Male) |
| 24:04 | Queue | Villager (Male) |
| 24:07 | Research | Chain Barding Armor |
Build order — Urukubar
First 150 of 196 actions detected
| 0:24 | Build | Town Center |
| 0:49 | Build | Dock |
| 0:53 | Build | House |
| 2:43 | Queue | Villager (Male) |
| 2:44 | Queue | Villager (Male) |
| 2:44 | Queue | Villager (Male) |
| 2:45 | Queue | Villager (Male) |
| 2:45 | Queue | Villager (Male) |
| 3:45 | Queue | Fishing Ship |
| 4:05 | Queue | Villager (Male) |
| 4:06 | Queue | Villager (Male) |
| 4:24 | Research | Loom |
| 4:27 | Build | House |
| 5:04 | Queue | Fishing Ship |
| 5:18 | Queue | Villager (Male) |
| 5:18 | Queue | Villager (Male) |
| 5:19 | Queue | Villager (Male) |
| 5:30 | Queue | Villager (Male) |
| 5:30 | Queue | Villager (Male) |
| 5:57 | Build | House |
| 6:02 | Queue | Villager (Male) |
| 6:02 | Queue | Villager (Male) |
| 6:28 | Queue | Villager (Male) |
| 6:28 | Queue | Villager (Male) |
| 6:28 | Queue | Villager (Male) |
| 6:28 | Queue | Villager (Male) |
| 6:54 | Queue | Villager (Male) |
| 6:54 | Queue | Villager (Male) |
| 7:05 | Queue | Fishing Ship |
| 7:14 | Queue | Villager (Male) |
| 7:23 | Queue | Villager (Male) |
| 7:28 | Queue | Villager (Male) |
| 7:46 | Queue | Villager (Male) |
| 7:50 | Queue | Fishing Ship |
| 8:06 | Queue | Villager (Male) |
| 8:07 | Queue | Villager (Male) |
| 8:30 | Queue | Fishing Ship |
| 8:35 | Build | House |
| 8:57 | Queue | Villager (Male) |
| 9:21 | Queue | Villager (Male) |
| 9:43 | Build | Mining Camp |
| 9:45 | Queue | Villager (Male) |
| 10:06 | Queue | Villager (Male) |
| 10:36 | Build | House |
| 11:10 | Queue | Villager (Male) |
| 11:11 | Queue | Fishing Ship |
| 11:27 | Research | Feudal Age |
| 11:34 | Build | Lumber Camp |
| 12:30 | Build | Mill |
| 13:56 | Build | Dock |
| 14:01 | Queue | Villager (Male) |
| 14:19 | Age | Feudal Age |
| 14:26 | Build | Market |
| 14:29 | Build | Blacksmith |
| 14:32 | Queue | Villager (Male) |
| 14:32 | Queue | Villager (Male) |
| 15:15 | Build | House |
| 15:23 | Research | Castle Age |
| 15:57 | Queue | Fire Galley |
| 15:57 | Queue | Fire Galley |
| 16:27 | Build | House |
| 16:32 | Research | Forging |
| 16:46 | Queue | Fire Galley |
| 17:41 | Queue | Fire Galley |
| 17:42 | Queue | Fire Galley |
| 17:48 | Queue | Villager (Male) |
| 17:48 | Queue | Villager (Male) |
| 17:53 | Research | Wheelbarrow |
| 18:02 | Research | Double-Bit Axe |
| 18:03 | Age | Castle Age |
| 18:15 | Build | Castle |
| 18:44 | Queue | Fire Galley |
| 18:44 | Queue | Fire Galley |
| 18:49 | Queue | Villager (Male) |
| 19:17 | Build | Town Center |
| 19:40 | Queue | Villager (Male) |
| 19:41 | Queue | Throwing Axeman |
| 19:41 | Queue | Throwing Axeman |
| 19:56 | Queue | Villager (Male) |
| 20:08 | Queue | Villager (Male) |
| 20:08 | Queue | Villager (Male) |
| 20:21 | Research | War Galley (upgrade) |
| 20:21 | Research | War Galley (upgrade) |
| 20:21 | Research | War Galley (upgrade) |
| 20:31 | Queue | Villager (Male) |
| 20:42 | Queue | Villager (Male) |
| 20:42 | Queue | Villager (Male) |
| 20:52 | Build | Farm |
| 20:54 | Queue | Villager (Male) |
| 20:56 | Queue | Fire Galley |
| 21:11 | Build | Farm |
| 21:16 | Build | Farm |
| 21:30 | Queue | Throwing Axeman |
| 21:30 | Queue | Throwing Axeman |
| 21:30 | Queue | Throwing Axeman |
| 21:40 | Build | Lumber Camp |
| 21:45 | Build | Farm |
| 21:47 | Queue | Villager (Male) |
| 21:55 | Build | Farm |
| 22:09 | Queue | Unit 2626 |
| 22:16 | Queue | Villager (Male) |
| 22:18 | Queue | Throwing Axeman |
| 22:18 | Queue | Throwing Axeman |
| 22:38 | Queue | Throwing Axeman |
| 22:39 | Queue | Throwing Axeman |
| 22:51 | Queue | Villager (Male) |
| 22:51 | Queue | Villager (Male) |
| 22:57 | Queue | Villager (Male) |
| 22:57 | Queue | Villager (Male) |
| 23:02 | Build | Farm |
| 23:03 | Queue | Throwing Axeman |
| 23:03 | Queue | Throwing Axeman |
| 23:13 | Build | Farm |
| 23:22 | Build | Mill |
| 23:29 | Queue | Villager (Male) |
| 23:32 | Build | Farm |
| 23:34 | Queue | Villager (Male) |
| 23:38 | Queue | Throwing Axeman |
| 23:38 | Queue | Throwing Axeman |
| 23:50 | Queue | Throwing Axeman |
| 24:04 | Queue | Throwing Axeman |
| 24:04 | Queue | Throwing Axeman |
| 24:10 | Queue | Villager (Male) |
| 24:14 | Build | Siege Workshop |
| 25:00 | Queue | Throwing Axeman |
| 25:07 | Queue | Throwing Axeman |
| 25:07 | Queue | Throwing Axeman |
| 25:08 | Queue | Villager (Male) |
| 25:08 | Queue | Villager (Male) |
| 25:13 | Build | Farm |
| 25:16 | Queue | Battering Ram |
| 25:37 | Queue | Throwing Axeman |
| 25:47 | Queue | Battering Ram |
| 25:49 | Build | House |
| 25:51 | Queue | Villager (Male) |
| 25:53 | Queue | Villager (Male) |
| 25:57 | Build | Lumber Camp |
| 25:58 | Queue | Villager (Male) |
| 26:12 | Queue | Villager (Male) |
| 26:15 | Build | Farm |
| 26:19 | Build | House |
| 26:40 | Queue | Throwing Axeman |
| 26:42 | Queue | Villager (Male) |
| 26:47 | Build | Farm |
| 26:48 | Build | Farm |
| 26:50 | Queue | Villager (Male) |
| 26:52 | Queue | Villager (Male) |
| 26:54 | Queue | Throwing Axeman |
| 28:08 | Queue | Throwing Axeman |
| 28:08 | Queue | Throwing Axeman |
Build order — 冰石戟
144 actions detected in the replay
| 0:52 | Build | Town Center |
| 1:01 | Build | Dock |
| 3:09 | Research | Loom |
| 3:58 | Queue | Villager (Male) |
| 3:58 | Queue | Villager (Male) |
| 4:22 | Queue | Fishing Ship |
| 4:55 | Queue | Villager (Male) |
| 5:25 | Queue | Villager (Male) |
| 5:25 | Queue | Villager (Male) |
| 5:26 | Queue | Villager (Male) |
| 5:27 | Queue | Fishing Ship |
| 5:51 | Queue | Villager (Male) |
| 6:13 | Queue | Villager (Male) |
| 6:19 | Build | House |
| 6:48 | Queue | Villager (Male) |
| 6:48 | Queue | Villager (Male) |
| 7:11 | Queue | Fishing Ship |
| 7:35 | Queue | Villager (Male) |
| 7:38 | Queue | Villager (Male) |
| 8:07 | Build | House |
| 8:24 | Queue | Fishing Ship |
| 8:28 | Queue | Fishing Ship |
| 8:28 | Queue | Villager (Male) |
| 8:28 | Queue | Villager (Male) |
| 8:49 | Build | House |
| 8:54 | Build | House |
| 9:01 | Build | House |
| 9:05 | Queue | Villager (Male) |
| 9:22 | Queue | Fishing Ship |
| 9:30 | Queue | Villager (Male) |
| 9:53 | Queue | Villager (Male) |
| 10:18 | Build | Dock |
| 10:21 | Queue | Villager (Male) |
| 10:27 | Build | Mining Camp |
| 10:43 | Queue | Villager (Male) |
| 10:46 | Build | Mining Camp |
| 10:47 | Queue | Villager (Male) |
| 10:57 | Build | House |
| 11:31 | Queue | Villager (Male) |
| 11:56 | Queue | Fishing Ship |
| 11:57 | Queue | Fishing Ship |
| 12:03 | Queue | Villager (Male) |
| 12:28 | Queue | Villager (Male) |
| 12:42 | Research | Feudal Age |
| 12:47 | Build | House |
| 13:05 | Build | Palisade Wall |
| 13:12 | Build | House |
| 13:13 | Build | House |
| 13:16 | Build | House |
| 14:04 | Build | Lumber Camp |
| 14:39 | Build | Mill |
| 15:03 | Age | Feudal Age |
| 16:06 | Build | Mining Camp |
| 16:09 | Build | Blacksmith |
| 16:11 | Build | Market |
| 17:19 | Research | Castle Age |
| 17:58 | Build | Lumber Camp |
| 18:48 | Research | Double-Bit Axe |
| 19:59 | Age | Castle Age |
| 20:03 | Build | Town Center |
| 20:15 | Build | Castle |
| 20:26 | Queue | Villager (Male) |
| 20:33 | Queue | Villager (Male) |
| 20:39 | Build | Palisade Wall |
| 20:41 | Build | Palisade Wall |
| 20:43 | Build | Palisade Wall |
| 21:01 | Queue | Villager (Male) |
| 21:11 | Research | Tech 906 |
| 21:21 | Queue | Villager (Male) |
| 22:02 | Queue | Villager (Male) |
| 22:03 | Queue | Villager (Male) |
| 22:05 | Queue | Villager (Male) |
| 22:12 | Build | Siege Workshop |
| 22:22 | Queue | Villager (Male) |
| 22:30 | Queue | Villager (Male) |
| 22:45 | Queue | Battering Ram |
| 23:07 | Queue | Villager (Male) |
| 23:09 | Queue | Villager (Male) |
| 23:11 | Queue | Villager (Male) |
| 23:14 | Queue | Villager (Male) |
| 23:30 | Queue | Villager (Male) |
| 23:32 | Build | Barracks |
| 23:37 | Queue | Villager (Male) |
| 23:47 | Queue | Villager (Male) |
| 23:54 | Queue | Battering Ram |
| 24:02 | Queue | Fishing Ship |
| 24:23 | Build | Dock |
| 24:45 | Build | Stable |
| 25:04 | Queue | Villager (Male) |
| 25:07 | Queue | Villager (Male) |
| 25:26 | Queue | Battering Ram |
| 25:29 | Queue | Villager (Male) |
| 25:34 | Queue | Villager (Male) |
| 25:42 | Queue | Villager (Male) |
| 25:48 | Queue | Villager (Male) |
| 26:04 | Queue | Fishing Ship |
| 26:06 | Research | Gillnets |
| 26:56 | Build | Town Center |
| 27:19 | Queue | Villager (Male) |
| 27:20 | Queue | Villager (Male) |
| 27:21 | Queue | Villager (Male) |
| 27:21 | Queue | Villager (Male) |
| 27:45 | Queue | Villager (Male) |
| 27:45 | Queue | Villager (Male) |
| 27:57 | Queue | Villager (Male) |
| 28:24 | Queue | Villager (Male) |
| 28:27 | Queue | Villager (Male) |
| 28:27 | Queue | Villager (Male) |
| 28:40 | Queue | Fishing Ship |
| 28:40 | Queue | Fishing Ship |
| 28:41 | Queue | Fishing Ship |
| 28:41 | Queue | Fishing Ship |
| 28:41 | Queue | Fishing Ship |
| 28:42 | Queue | Villager (Male) |
| 28:43 | Queue | Villager (Male) |
| 28:51 | Build | Dock |
| 29:12 | Queue | Iron Pagoda |
| 29:33 | Queue | Villager (Male) |
| 29:33 | Queue | Villager (Male) |
| 29:34 | Queue | Villager (Male) |
| 29:38 | Build | Farm |
| 29:39 | Build | Farm |
| 29:43 | Queue | Villager (Male) |
| 29:48 | Build | Lumber Camp |
| 29:54 | Queue | Fishing Ship |
| 30:05 | Queue | Villager (Male) |
| 30:05 | Queue | Villager (Male) |
| 30:11 | Queue | Villager (Male) |
| 30:52 | Build | Castle |
| 31:24 | Queue | Villager (Male) |
| 31:26 | Build | Farm |
| 31:30 | Build | House |
| 31:31 | Build | House |
| 31:31 | Build | House |
| 31:33 | Build | House |
| 31:35 | Build | House |
| 31:44 | Build | Mining Camp |
| 31:49 | Queue | Villager (Male) |
| 31:54 | Build | Mining Camp |
| 31:55 | Queue | Villager (Male) |
| 32:00 | Build | Town Center |
| 32:02 | Queue | Fishing Ship |
| 32:04 | Queue | Villager (Male) |
| 32:05 | Queue | Villager (Male) |
Build order — Fabrizio 094455
First 150 of 205 actions detected
| 0:35 | Build | Town Center |
| 1:49 | Build | Dock |
| 1:50 | Build | House |
| 3:02 | Queue | Villager (Male) |
| 3:02 | Queue | Villager (Male) |
| 3:13 | Queue | Villager (Male) |
| 3:13 | Queue | Villager (Male) |
| 4:24 | Build | House |
| 4:25 | Queue | Villager (Male) |
| 4:26 | Queue | Villager (Male) |
| 4:48 | Queue | Fishing Ship |
| 4:48 | Queue | Fishing Ship |
| 5:04 | Research | Loom |
| 5:23 | Queue | Villager (Male) |
| 5:24 | Queue | Villager (Male) |
| 5:50 | Queue | Fishing Ship |
| 5:50 | Queue | Fishing Ship |
| 5:55 | Queue | Villager (Male) |
| 5:55 | Queue | Villager (Male) |
| 6:25 | Queue | Fishing Ship |
| 6:25 | Queue | Fishing Ship |
| 6:28 | Queue | Villager (Male) |
| 6:29 | Queue | Villager (Male) |
| 6:36 | Build | House |
| 6:51 | Queue | Villager (Male) |
| 6:52 | Queue | Villager (Male) |
| 7:25 | Queue | Villager (Male) |
| 7:25 | Queue | Villager (Male) |
| 7:32 | Queue | Fishing Ship |
| 7:37 | Build | House |
| 7:43 | Queue | Villager (Male) |
| 7:43 | Queue | Villager (Male) |
| 8:00 | Queue | Fishing Ship |
| 8:01 | Queue | Villager (Male) |
| 8:01 | Queue | Villager (Male) |
| 8:18 | Queue | Villager (Male) |
| 8:18 | Queue | Villager (Male) |
| 8:50 | Queue | Villager (Male) |
| 8:50 | Queue | Villager (Male) |
| 8:57 | Queue | Fishing Ship |
| 9:00 | Build | House |
| 9:19 | Queue | Villager (Male) |
| 9:19 | Queue | Villager (Male) |
| 9:25 | Build | House |
| 10:24 | Queue | Villager (Male) |
| 10:55 | Build | Mining Camp |
| 10:56 | Queue | Villager (Male) |
| 11:24 | Research | Feudal Age |
| 11:25 | Research | Feudal Age |
| 11:37 | Build | Palisade Wall |
| 12:04 | Build | Outpost |
| 12:13 | Build | Outpost |
| 12:34 | Build | Mill |
| 13:03 | Queue | Villager (Male) |
| 13:04 | Queue | Villager (Male) |
| 13:12 | Build | House |
| 13:36 | Build | Watch Tower |
| 13:42 | Build | Watch Tower |
| 13:45 | Queue | Villager (Male) |
| 13:49 | Build | Lumber Camp |
| 14:01 | Build | Palisade Wall |
| 14:02 | Build | Palisade Wall |
| 14:23 | Build | Palisade Wall |
| 14:24 | Build | Palisade Wall |
| 14:24 | Build | Palisade Wall |
| 14:25 | Build | Palisade Wall |
| 14:34 | Build | Watch Tower |
| 14:47 | Queue | Villager (Male) |
| 14:48 | Queue | Villager (Male) |
| 14:54 | Build | House |
| 14:56 | Build | Palisade Wall |
| 14:57 | Build | Palisade Wall |
| 14:58 | Build | Palisade Wall |
| 15:00 | Build | Palisade Wall |
| 15:02 | Build | Palisade Wall |
| 15:04 | Build | Palisade Wall |
| 15:40 | Queue | Villager (Male) |
| 15:40 | Queue | Villager (Male) |
| 16:26 | Queue | Villager (Male) |
| 16:26 | Queue | Villager (Male) |
| 16:27 | Queue | Villager (Male) |
| 16:29 | Queue | Villager (Male) |
| 16:30 | Queue | Villager (Male) |
| 16:39 | Build | Watch Tower |
| 16:44 | Build | House |
| 16:48 | Queue | Villager (Male) |
| 16:56 | Research | Double-Bit Axe |
| 16:56 | Research | Double-Bit Axe |
| 16:57 | Research | Horse Collar |
| 16:57 | Research | Horse Collar |
| 16:59 | Build | Farm |
| 16:59 | Build | Farm |
| 16:59 | Build | Farm |
| 17:00 | Build | Farm |
| 17:26 | Queue | Villager (Male) |
| 17:34 | Build | Watch Tower |
| 17:39 | Build | Farm |
| 17:47 | Queue | Villager (Male) |
| 17:58 | Build | Farm |
| 18:01 | Build | Farm |
| 18:10 | Queue | Villager (Male) |
| 18:12 | Build | Market |
| 18:17 | Build | Palisade Wall |
| 18:18 | Build | Palisade Wall |
| 18:19 | Build | Palisade Wall |
| 18:20 | Build | Palisade Wall |
| 18:33 | Build | Farm |
| 18:57 | Build | Watch Tower |
| 19:27 | Build | Watch Tower |
| 19:31 | Build | House |
| 19:36 | Build | Palisade Wall |
| 19:37 | Queue | Villager (Male) |
| 19:40 | Build | Blacksmith |
| 19:56 | Research | Wheelbarrow |
| 20:38 | Queue | Villager (Male) |
| 20:49 | Build | Watch Tower |
| 20:52 | Queue | Villager (Male) |
| 20:53 | Queue | Villager (Male) |
| 21:08 | Build | Gate |
| 21:11 | Build | Stone Wall |
| 21:13 | Build | Stone Wall |
| 21:14 | Build | Stone Wall |
| 21:15 | Build | Stone Wall |
| 21:25 | Build | Mining Camp |
| 21:35 | Build | Stone Wall |
| 21:46 | Build | Stone Wall |
| 22:46 | Research | Castle Age |
| 22:46 | Research | Castle Age |
| 23:18 | Build | Barracks |
| 23:28 | Build | Stone Wall |
| 23:34 | Build | Stone Wall |
| 23:35 | Queue | Villager (Male) |
| 23:40 | Build | Gate |
| 23:42 | Build | Stone Wall |
| 24:18 | Research | Gold Mining |
| 24:18 | Research | Gold Mining |
| 24:19 | Research | Stone Mining |
| 24:19 | Research | Stone Mining |
| 25:00 | Build | Farm |
| 25:01 | Build | Farm |
| 25:01 | Build | Farm |
| 25:01 | Build | Farm |
| 25:01 | Build | Farm |
| 25:46 | Research | Bow Saw |
| 25:46 | Research | Bow Saw |
| 25:47 | Queue | Villager (Male) |
| 26:07 | Build | Fish Trap |
| 26:11 | Queue | Unit 2626 |
| 26:30 | Build | House |
| 26:31 | Build | House |
Build order — 夜羽翼
First 150 of 299 actions detected
| 0:11 | Build | Town Center |
| 0:49 | Build | Dock |
| 0:52 | Build | House |
| 2:31 | Queue | Villager (Male) |
| 2:31 | Queue | Villager (Male) |
| 2:37 | Queue | Villager (Male) |
| 2:37 | Queue | Villager (Male) |
| 3:48 | Queue | Fishing Ship |
| 3:56 | Research | Loom |
| 4:03 | Queue | Villager (Male) |
| 4:04 | Queue | Villager (Male) |
| 4:23 | Build | House |
| 4:44 | Queue | Villager (Male) |
| 4:44 | Queue | Villager (Male) |
| 5:04 | Queue | Villager (Male) |
| 5:05 | Queue | Villager (Male) |
| 5:05 | Queue | Villager (Male) |
| 5:28 | Queue | Villager (Male) |
| 5:28 | Queue | Villager (Male) |
| 5:28 | Queue | Villager (Male) |
| 5:42 | Queue | Villager (Male) |
| 5:42 | Queue | Villager (Male) |
| 5:46 | Queue | Fishing Ship |
| 5:46 | Queue | Fishing Ship |
| 5:46 | Queue | Fishing Ship |
| 6:09 | Build | House |
| 6:14 | Queue | Villager (Male) |
| 6:14 | Queue | Villager (Male) |
| 6:42 | Queue | Villager (Male) |
| 6:46 | Queue | Fishing Ship |
| 7:04 | Build | House |
| 7:07 | Build | House |
| 7:10 | Queue | Villager (Male) |
| 7:30 | Queue | Fishing Ship |
| 7:36 | Queue | Villager (Male) |
| 7:36 | Queue | Villager (Male) |
| 7:36 | Queue | Villager (Male) |
| 7:36 | Queue | Villager (Male) |
| 8:05 | Queue | Villager (Male) |
| 8:13 | Queue | Fishing Ship |
| 8:20 | Build | House |
| 8:22 | Build | House |
| 8:35 | Build | Palisade Wall |
| 8:38 | Queue | Villager (Male) |
| 8:50 | Queue | Villager (Male) |
| 8:50 | Queue | Fishing Ship |
| 9:10 | Queue | Villager (Male) |
| 9:25 | Queue | Fishing Ship |
| 9:49 | Build | Mill |
| 9:58 | Queue | Villager (Male) |
| 10:11 | Queue | Villager (Male) |
| 10:12 | Queue | Fishing Ship |
| 10:31 | Build | Mining Camp |
| 10:56 | Research | Feudal Age |
| 10:56 | Research | Feudal Age |
| 10:56 | Research | Feudal Age |
| 10:57 | Queue | Fishing Ship |
| 11:08 | Build | Dock |
| 11:26 | Build | House |
| 12:12 | Build | Palisade Wall |
| 12:57 | Queue | Villager (Male) |
| 12:58 | Queue | Villager (Male) |
| 13:09 | Age | Feudal Age |
| 13:10 | Build | Market |
| 13:12 | Build | Blacksmith |
| 13:18 | Build | Palisade Gate |
| 13:19 | Build | Palisade Wall |
| 13:24 | Build | House |
| 13:25 | Build | House |
| 13:57 | Research | Castle Age |
| 13:57 | Research | Castle Age |
| 13:58 | Research | Castle Age |
| 14:02 | Build | Palisade Wall |
| 14:04 | Build | Palisade Wall |
| 14:05 | Build | Palisade Wall |
| 14:18 | Build | Lumber Camp |
| 14:22 | Build | Lumber Camp |
| 14:53 | Queue | Fire Galley |
| 15:10 | Research | Double-Bit Axe |
| 15:13 | Queue | Fire Galley |
| 15:59 | Queue | Fire Galley |
| 16:05 | Queue | Villager (Male) |
| 16:19 | Queue | Fire Galley |
| 16:38 | Queue | Villager (Male) |
| 16:39 | Age | Castle Age |
| 16:44 | Research | Bow Saw |
| 16:49 | Queue | Fire Galley |
| 17:03 | Build | Lumber Camp |
| 17:16 | Queue | Villager (Male) |
| 17:19 | Queue | Fire Galley |
| 17:25 | Research | War Galley (upgrade) |
| 17:28 | Queue | Villager (Male) |
| 17:39 | Queue | Villager (Male) |
| 17:47 | Research | Gold Mining |
| 17:48 | Queue | Fire Galley |
| 18:05 | Queue | Villager (Male) |
| 18:15 | Build | House |
| 18:16 | Build | House |
| 18:25 | Build | Town Center |
| 18:29 | Queue | Villager (Male) |
| 18:47 | Queue | Villager (Male) |
| 18:55 | Research | Loom |
| 19:05 | Build | Town Center |
| 19:28 | Build | Barracks |
| 19:38 | Research | Horse Collar |
| 19:38 | Research | Horse Collar |
| 19:45 | Queue | Villager (Male) |
| 19:53 | Research | Wheelbarrow |
| 19:53 | Research | Town Watch |
| 19:53 | Research | Town Watch |
| 20:01 | Queue | Villager (Male) |
| 20:07 | Queue | Villager (Male) |
| 20:10 | Queue | Villager (Male) |
| 20:17 | Build | Farm |
| 20:19 | Build | Farm |
| 20:24 | Build | Stable |
| 20:25 | Queue | Villager (Male) |
| 20:32 | Build | House |
| 20:33 | Build | House |
| 20:36 | Queue | Villager (Male) |
| 20:39 | Queue | Villager (Male) |
| 20:44 | Build | Dock |
| 20:46 | Queue | Villager (Male) |
| 20:47 | Queue | Villager (Male) |
| 20:51 | Queue | Villager (Male) |
| 20:57 | Build | Farm |
| 21:05 | Queue | Villager (Male) |
| 21:07 | Build | Farm |
| 21:11 | Build | Farm |
| 21:18 | Queue | Villager (Male) |
| 21:20 | Build | Farm |
| 21:28 | Build | Stable |
| 21:36 | Queue | Shrivamsha Rider |
| 21:51 | Queue | Villager (Male) |
| 22:03 | Queue | Shrivamsha Rider |
| 22:11 | Queue | Villager (Male) |
| 22:16 | Build | Farm |
| 22:17 | Build | Farm |
| 22:21 | Build | Farm |
| 22:22 | Build | Farm |
| 22:26 | Build | Stable |
| 22:28 | Research | Bloodlines |
| 22:29 | Research | Husbandry |
| 22:29 | Research | Husbandry |
| 22:29 | Research | Husbandry |
| 22:36 | Queue | Villager (Male) |
| 22:54 | Queue | Villager (Male) |
| 22:57 | Queue | Villager (Male) |
| 22:59 | Build | Farm |
| 23:02 | Build | Farm |
Match timeline
| 0:10 | Josu Stark · first_building Dock |
| 0:12 | 弔戼 · first_building Dock |
| 0:27 | 关老弟是也 · first_building Dock |
| 0:49 | 夜羽翼 · first_building Dock |
| 0:49 | Urukubar · first_building Dock |
| 1:01 | 冰石戟 · first_building Dock |
| 1:06 | 弔戼 · wall_segment Palisade Wall x1 |
| 1:49 | Fabrizio 094455 · first_building Dock |
| 1:54 | B1mple · first_building Dock |
| 6:52 | B1mple · wall_segment Palisade Wall x3 |
| 7:35 | B1mple · wall_segment Palisade Wall x1 |
| 7:47 | B1mple · wall_segment Palisade Wall x1 |
| 7:54 | B1mple · wall_segment Palisade Wall x4 |
| 8:35 | 夜羽翼 · wall_segment Palisade Wall x5 |
| 8:49 | B1mple · wall_segment Palisade Wall x5 |
| 9:45 | 关老弟是也 · wall_segment Palisade Wall x1 |
| 10:53 | B1mple · first_building Barracks |
| 11:37 | Fabrizio 094455 · wall_segment Palisade Wall x1 |
| 12:02 | 弔戼 · age_up feudal |
| 12:12 | 夜羽翼 · wall_segment Palisade Wall x1 |
| 12:45 | B1mple · age_up feudal |
| 12:52 | 关老弟是也 · age_up feudal |
| 13:05 | 冰石戟 · wall_segment Palisade Wall x2 |
| 13:09 | 夜羽翼 · age_up feudal |
| 13:19 | 夜羽翼 · wall_segment Palisade Wall x5 |
| 14:01 | Fabrizio 094455 · wall_segment Palisade Wall x1 |
| 14:02 | 夜羽翼 · wall_segment Palisade Wall x1 |
| 14:02 | Fabrizio 094455 · wall_segment Palisade Wall x1 |
| 14:04 | 夜羽翼 · wall_segment Palisade Wall x8 |
| 14:05 | 夜羽翼 · wall_segment Palisade Wall x3 |
| 14:19 | Urukubar · age_up feudal |
| 14:23 | Fabrizio 094455 · wall_segment Palisade Wall x1 |
| 14:23 | 关老弟是也 · wall_segment Palisade Wall x1 |
| 14:24 | Fabrizio 094455 · wall_segment Palisade Wall x1 |
| 14:24 | 关老弟是也 · wall_segment Palisade Wall x1 |
| 14:24 | Fabrizio 094455 · wall_segment Palisade Wall x1 |
| 14:25 | Fabrizio 094455 · wall_segment Palisade Wall x1 |
| 14:56 | Fabrizio 094455 · wall_segment Palisade Wall x1 |
| 14:57 | Fabrizio 094455 · wall_segment Palisade Wall x1 |
| 14:58 | Fabrizio 094455 · wall_segment Palisade Wall x1 |
| 15:00 | Fabrizio 094455 · wall_segment Palisade Wall x1 |
| 15:02 | Fabrizio 094455 · wall_segment Palisade Wall x1 |
| 15:02 | Josu Stark · age_up feudal |
| 15:03 | Josu Stark · wall_segment Stone Wall x1 |
| 15:03 | 冰石戟 · age_up feudal |
| 15:04 | Fabrizio 094455 · wall_segment Palisade Wall x1 |
| 15:10 | 关老弟是也 · wall_segment Palisade Wall x1 |
| 15:11 | 关老弟是也 · wall_segment Palisade Wall x1 |
| 15:13 | 关老弟是也 · wall_segment Palisade Wall x1 |
| 15:14 | 关老弟是也 · wall_segment Palisade Wall x1 |
| 15:16 | 关老弟是也 · wall_segment Palisade Wall x1 |
| 15:18 | 关老弟是也 · wall_segment Palisade Wall x1 |
| 15:20 | 关老弟是也 · wall_segment Palisade Wall x1 |
| 15:30 | 关老弟是也 · wall_segment Stone Wall x8 |
| 16:01 | 弔戼 · wall_segment Palisade Wall x1 |
| 16:04 | 弔戼 · wall_segment Palisade Wall x1 |
| 16:39 | 夜羽翼 · age_up castle |
| 16:41 | B1mple · first_building Archery Range |
| 16:44 | Urukubar · first_market_sell 100 food |
| 16:57 | 弔戼 · first_building Barracks |
| 17:10 | 关老弟是也 · wall_segment Stone Wall x4 |
| 18:03 | Urukubar · age_up castle |
| 18:08 | 弔戼 · first_building Stable |
| 18:15 | Urukubar · first_building Castle |
| 18:17 | Fabrizio 094455 · wall_segment Palisade Wall x1 |
| 18:18 | Fabrizio 094455 · wall_segment Palisade Wall x1 |
| 18:19 | Fabrizio 094455 · wall_segment Palisade Wall x1 |
| 18:20 | Fabrizio 094455 · wall_segment Palisade Wall x1 |
| 18:25 | 关老弟是也 · wall_segment Stone Wall x1 |
| 18:25 | 关老弟是也 · wall_segment Stone Wall x1 |
| 18:26 | 关老弟是也 · wall_segment Stone Wall x1 |
| 18:27 | 关老弟是也 · wall_segment Stone Wall x1 |
| 18:27 | 关老弟是也 · wall_segment Stone Wall x1 |
| 18:27 | 关老弟是也 · wall_segment Stone Wall x1 |
| 18:29 | 关老弟是也 · wall_segment Stone Wall x1 |
| 18:30 | 关老弟是也 · wall_segment Stone Wall x1 |
| 18:30 | 关老弟是也 · wall_segment Stone Wall x1 |
| 18:31 | 关老弟是也 · wall_segment Stone Wall x1 |
| 18:31 | 关老弟是也 · wall_segment Stone Wall x1 |
| 18:32 | 关老弟是也 · wall_segment Stone Wall x1 |
| 18:41 | 关老弟是也 · first_market_buy 100 stone |
| 18:48 | 关老弟是也 · age_up castle |
| 18:54 | Fabrizio 094455 · first_market_sell 100 wood |
| 18:55 | Fabrizio 094455 · first_market_buy 100 stone |
| 19:21 | 关老弟是也 · first_building Castle |
| 19:23 | Josu Stark · age_up castle |
| 19:27 | 关老弟是也 · wall_segment Palisade Wall x1 |
| 19:28 | 夜羽翼 · first_building Barracks |
| 19:36 | Fabrizio 094455 · wall_segment Palisade Wall x1 |
| 19:45 | Josu Stark · first_building Monastery |
| 19:59 | 冰石戟 · age_up castle |
| 20:15 | 冰石戟 · first_building Castle |
| 20:18 | B1mple · wall_segment Palisade Wall x1 |
| 20:24 | 夜羽翼 · first_building Stable |
| 20:39 | 冰石戟 · wall_segment Palisade Wall x1 |
| 20:41 | 冰石戟 · wall_segment Palisade Wall x1 |
| 20:43 | 冰石戟 · wall_segment Palisade Wall x1 |
| 20:51 | B1mple · wall_segment Stone Wall x9 |
| 21:09 | B1mple · age_up castle |
| 21:11 | Fabrizio 094455 · wall_segment Stone Wall x1 |
| 21:13 | Fabrizio 094455 · wall_segment Stone Wall x6 |
| 21:14 | Fabrizio 094455 · wall_segment Stone Wall x6 |
| 21:15 | Fabrizio 094455 · wall_segment Stone Wall x5 |
| 21:20 | B1mple · first_building Siege Workshop |
| 21:35 | Fabrizio 094455 · wall_segment Stone Wall x2 |
| 21:46 | Fabrizio 094455 · wall_segment Stone Wall x5 |
| 22:08 | 弔戼 · age_up castle |
| 22:12 | 冰石戟 · first_building Siege Workshop |
| 23:18 | Fabrizio 094455 · first_building Barracks |
| 23:23 | 关老弟是也 · first_building Siege Workshop |
| 23:28 | Fabrizio 094455 · wall_segment Stone Wall x3 |
| 23:32 | 冰石戟 · first_building Barracks |
| 23:34 | Fabrizio 094455 · wall_segment Stone Wall x11 |
| 23:42 | Fabrizio 094455 · wall_segment Stone Wall x6 |
| 23:46 | Josu Stark · first_building Barracks |
| 24:14 | Urukubar · first_building Siege Workshop |
| 24:45 | 冰石戟 · first_building Stable |
| 25:19 | B1mple · first_market_buy 100 wood |
| 26:43 | 冰石戟 · first_market_buy 100 wood |
| 26:50 | Fabrizio 094455 · first_building Siege Workshop |
| 26:50 | 弔戼 · first_building Monastery |
| 28:34 | 关老弟是也 · first_market_sell 100 food |
| 28:41 | Josu Stark · first_building Stable |
| 29:01 | Fabrizio 094455 · wall_segment Stone Wall x1 |
| 29:07 | Fabrizio 094455 · wall_segment Stone Wall x1 |
| 29:08 | Fabrizio 094455 · wall_segment Stone Wall x1 |
| 29:20 | Fabrizio 094455 · wall_segment Stone Wall x1 |
| 29:21 | 夜羽翼 · first_market_sell 100 wood |
| 29:32 | 夜羽翼 · first_market_buy 100 stone |
| 29:35 | 关老弟是也 · first_building Monastery |
| 29:43 | Fabrizio 094455 · wall_segment Stone Wall x1 |
| 29:58 | Urukubar · first_building Barracks |
| 30:45 | Fabrizio 094455 · wall_segment Stone Wall x1 |
| 30:47 | Fabrizio 094455 · wall_segment Stone Wall x1 |
| 30:49 | Fabrizio 094455 · wall_segment Stone Wall x1 |
| 30:51 | Josu Stark · first_building Castle |
| 30:51 | Fabrizio 094455 · wall_segment Stone Wall x1 |
| 30:54 | Fabrizio 094455 · wall_segment Stone Wall x1 |
| 32:08 | Fabrizio 094455 · resign |
[ AI ANALYSIS · 1 CREDIT ]
What really happened in this match?
Wolo.gg analyzes every decision: build order, eco, micro, common mistakes by bracket. Personalized analysis on WhatsApp or Discord in 30 seconds.
Civ guide
Bengalis
Perfil
Jugador #10240269